 Dungeon Crawl Stone Soup version 0.32-a0-799-g95e1662365 (webtiles) character file.

Game seed: 10159806348162383743

254 Rohain the Cudgeller (level 5, -17/45 HPs)
             Began as a Mountain Dwarf Reaver on Mar 22, 2024.
             Demolished by an ogre
             ... wielding a +0 giant club
              (26 damage)
             ... while paralysed by Ijyb
             ... on level 4 of the Dungeon.
             The game lasted 00:04:50 (3802 turns).

Rohain the Cudgeller (Mountain Dwarf Reaver)        Turns: 3802, Time: 00:04:51

Health: -17/45     AC:  3    Str: 17    XL:     5   Next: 90%
Magic:  9/9        EV:  2    Int: 13    God:
Gold:   138        SH:  0    Dex:  8    Spells: 6/9 levels left

rFire   + . .        a - +1 mace
rCold   . . .        (no shield)
rNeg    . . .        b - +0 leather armour
rPois   .            (no helmet)
rElec   .            (no cloak)
rCorr   .            (no gloves)
SInv    .            (no boots)
Will    .....        (no amulet)
Stlth   +            m - +5 ring of evasion
HPRegen 0.27/turn    l - ring of protection from fire
MPRegen 0.11/turn

%: no passive effects
@: paralysed
A: runic magic, artefact enchanting
a: no special abilities


You were on level 4 of the Dungeon.
You visited 1 branch of the dungeon, and saw 5 of its levels.

You collected 138 gold pieces.

Inventory:

Hand Weapons
 a - a +1 mace (weapon)
Armour
 b - a +0 leather armour (worn)
Jewellery
 e - an amulet of faith
 l - a ring of protection from fire (right hand)
 m - a +5 ring of evasion (left hand)
Wands
 j - a wand of flame (21)
Scrolls
 f - a scroll of blinking
 g - 3 scrolls of identify
 h - a scroll of immolation
 n - a scroll of teleportation
Potions
 c - 5 potions of curing
 d - 2 potions of lignification
 i - a potion of mutation {unknown}
 k - a potion of heal wounds {unknown}
 o - a potion of attraction {unknown}


   Skills:
 + Level 3.6 Fighting
 + Level 4.7 Maces & Flails
 + Level 2.4 Dodging
 + Level 2.7 Spellcasting
 + Level 3.6 Conjurations


You had 6 spell levels left.
You knew the following spells:

 Your Spells              Type           Power      Damage    Failure   Level
a - Kiss of Death         Conj/Necr      24%        2d7       12%         1
b - Momentum Strike       Conj/Tloc      12%        3d8       17%         2

Your spell library contained the following spells:

 Spells                   Type           Power      Damage    Failure   Level
 Hailstorm                Conj/Ice       6%         3d5       34%         3


Dungeon Overview and Level Annotations

Branches:
Dungeon (5/15)
 Temple: D:4-7

Altars:
Hepliaklqana
Okawaru
Ru
Sif Muna

Shops:
D:5 *

Annotations:
D:4 Ijyb
D:5 Grinder


Innate Abilities, Weirdness & Mutations

Your spellcasting is much less encumbered by armour.
You can use scrolls of enchantment on lesser artefacts.


Message History

Grinder says, "DUCK!"
Grinder gestures at you. You resist with significant effort.
Found 2 glowing black potions.
A gnoll comes into view. It is wielding a +0 club.
There is a stone staircase leading up here.
The gnoll shouts!
You climb upwards.
There is a stone staircase leading down here.
There is an open door here.
There is an open door here.
There is an open door here.
There is a stone staircase leading down here.
You climb downwards.
Level annotation: Grinder Ijyb shouts!
The gnoll shouts!
The orc shouts!
The orc priest shouts!
The orc shouts! x2
Found Goigudak's General Store.
Found a stone staircase leading down.
There is a stone staircase leading up here.
The gnoll misses you. The gnoll closely misses you. The ogre barely misses you.
Ijyb misses you. The orc hits you with a +0 dagger.
The gnoll closely misses you.
You climb upwards.
There is a stone staircase leading down here.
Ijyb hits you but does no damage. The orc closely misses you.
Ijyb attacks as she pursues you! Ijyb hits you with a +0 dagger.
The orc attacks as it pursues you! The orc misses you.
Ijyb zaps a wand.
You suddenly lose the ability to move!
Ijyb hits you with a +0 dagger. The orc completely misses you.
The ogre hits you with a +0 giant club!!
Ouch! That really hurt!
Ijyb hits you with a +0 dagger.
* * * LOW HITPOINT WARNING * * *
The orc hits you but does no damage. Ijyb hits you with a +0 dagger.
* * * LOW HITPOINT WARNING * * *
The ogre hits you with a +0 giant club!!
Ouch! That really hurt!
You die...

#######..#..♣.._..
#.......#..♣.....
#.......##....... #####
#........###..... ....#
#..........######
....#############................
.............>........#########'#
...............g......#.....#....
...............o@.....#.....#....
...............O.....[#.....#....
......................#....##...#
........[........######....######
.................#..........#....
.................#..........#....
.................#..........#....
############...).######.....#....
#..........#.....#....


You could see an ogre, Ijyb and an orc.

Vanquished Creatures
  A centaur (D:4)
  A jelly (D:5)
  An iguana (D:4)
  3 adders
  A white imp (D:5)
  4 dart slugs
  2 ribbon worms
  2 orcs
  6 ball pythons
  10 endoplasms
  A giant cockroach (D:1)
  A goblin (D:2)
  8 hobgoblins
  3 quokkas (D:1)
  6 bats
  6 frilled lizards
  6 kobolds
  8 rats
70 creatures vanquished.

Notes
Turn   | Place    | Note
-------+----------+-------------------------------------------
     0 | D:1      | Rohain the Mountain Dwarf Reaver began the quest for the
                  | Orb.
     0 | D:1      | Reached XP level 1. HP: 17/17 MP: 3/3
   130 | D:1      | Reached XP level 2. HP: 18/25 MP: 4/4
   709 | D:1      | Reached XP level 3. HP: 28/30 MP: 6/6
   711 | D:1      | Reached skill level 4 in Maces & Flails
  1745 | D:3      | Reached XP level 4. HP: 36/37 MP: 7/7
  1816 | D:3      | Learned a level 2 spell: Momentum Strike
  2263 | D:3      | Found a hazy altar of Hepliaklqana.
  2609 | D:3      | Found a shimmering blue altar of Sif Muna.
  2970 | D:4      | Found an iron altar of Okawaru.
  2994 | D:4      | Found a sacrificial altar of Ru.
  3296 | D:4      | Noticed a centaur
  3306 | D:4      | Killed a centaur
  3307 | D:4      | Reached XP level 5. HP: 12/45 MP: 6/9
  3672 | D:5      | Entered Level 5 of the Dungeon
  3728 | D:5      | Noticed Grinder
  3792 | D:5      | Noticed Ijyb
  3792 | D:5      | Noticed an ogre
  3792 | D:5      | Found Goigudak's General Store.
  3799 | D:4      | Paralysed by Ijyb for 5 turns
  3802 | D:4      | Demolished by an ogre

Illustrated notes

Levels and vault maps discovered:
D:1:      dpeg_arrival_connections, layout_basic, minivault_25
D:2:      layout_basic, minmay_tetromino_t2
D:3:      layout_basic, lemuel_blue_sif_altar, nicolae_hepliaklqana_hippocampus
D:4:      layout_gridville, mainiacjoe_overflow_two_lobes
D:5:      layout_cave_pools, old_standard_altar, serial_shops,
          nicolae_stop_n_shop_1, minivault_25, minmay_misc_feat_more_columns,
          minivault_19, uniq_grinder, uniq_ijyb, uniq_crazy_yiuf_cottage

Skill      XL: |  1  2  3  4 |
---------------+-------------+-----
Spellcasting   | 2 |  2.7
Maces & Flails | 4 |  4.7
Conjurations   | 3 |  3.6
Fighting       | 3 |  3.6
Dodging        | 2 |  2.4

Action                     |  1- 3 |  4- 6 || total
---------------------------+-------+-------++-------
  Melee: Mace              |   142 |    81 ||   223
   Cast: Momentum Strike   |       |     5 ||     5
         Kiss of Death     |       |     2 ||     2
    Use: Scroll            |     5 |     2 ||     7
 Armour: Leather armour    |   107 |    35 ||   142
  Dodge: Dodged            |    79 |    81 ||   160

Table legend: (Time is in decaauts)
 A = Elapsed time spent in this place.
 B = Non-inter-level travel time spent in this place.
 C = Inter-level travel time spent in this place.
 D = Time resting spent in this place.
 E = Time spent auto-exploring this place.
 F = Levels seen in this place.
 G = Mean time per level.
                   A        B        C        D        E       F      G
               +--------+--------+--------+--------+--------+-----+--------+
         Total |   3845 |   3713 |    132 |    578 |   2476 |   5 |  769.0 |
       Dungeon |   3845 |   3713 |    132 |    578 |   2476 |   5 |  769.0 |
               +--------+--------+--------+--------+--------+-----+--------+

Top non-repeatable levels by time:
     D:4: 1080 daAuts
     D:1: 1025 daAuts
     D:3: 945 daAuts
     D:2: 718 daAuts
     D:5: 74 daAuts
